 Dungeon Crawl Stone Soup version 0.24-a0-170-gd8427f5 (webtiles) character file.

Game seed: 5095626375972488236

3388 Azzok the Martial Artist (level 10, -1/88 HPs)
             Began as a Gnoll Transmuter on Mar 9, 2019.
             Was an Initiate of Cheibriados.
             Slain by a yak (13 damage)
             ... on level 9 of the Dungeon.
             The game lasted 00:14:03 (9479 turns).

Azzok the Martial Artist (Gnoll Transmuter)         Turns: 9479, Time: 00:14:03

Health: -1/88      AC:  6    Str: 13    XL:     10   Next: 4%
Magic:  18/20      EV: 14    Int: 20    God:    Cheibriados [......]
Gold:   353        SH:  0    Dex: 17    Spells: 15/23 levels left

rFire    x . .     SeeInvis .     - Unarmed
rCold    + + +     Gourm    .   (shield currently unavailable)
rNeg     . . .     Faith    .   (armour currently unavailable)
rPois    +         Spirit   .   (helmet currently unavailable)
rElec    .         Reflect  .   (cloak currently unavailable)
rCorr    .         Harm     .   (gloves currently unavailable)
MR       .....                  (boots currently unavailable)
Stlth    +++.......             (no amulet)
HPRegen  0.24/turn              p - +3 ring of dexterity
MPRegen  0.17/turn              w - -3 ring of dexterity (curse)

@: ice-form, very slow
A: large, distributed training, strong nose
a: End Transformation, Bend Time, Renounce Religion


You were on level 9 of the Dungeon.
You worshipped Cheibriados.
Cheibriados was noncommittal.
You were not hungry.
You were a creature of crystalline ice.
You visited 2 branches of the dungeon, and saw 10 of its levels.

You collected 353 gold pieces.

Inventory:

Hand Weapons
 l - the +4 quarterstaff of Incongruity (melded) {freeze, Fragile rElec Str+6}
   (You found it on level 4 of the Dungeon)

   It has been specially enchanted to freeze those struck by it, causing extra
   injury to most foes and up to half again as much damage against particularly
   susceptible opponents.
   It can also slow down cold-blooded creatures.
   It affects your strength (+6).
   It insulates you from electricity.
   It will be destroyed if unequipped.
 s - a +2 quarterstaff of chaos
 u - a +2 whip of electrocution
Missiles
 a - 58 arrows
Armour
 b - a +0 robe (melded)
 j - a +0 helmet (melded)
 t - a cursed +0 cloak (melded)
Magical Staves
 g - a cursed staff of fire {unknown}
Jewellery
 p - a +3 ring of dexterity (left front paw)
 w - a cursed -3 ring of dexterity (right front paw)
Wands
 y - a wand of digging (3)
Scrolls
 c - 11 scrolls of identify
 e - 2 scrolls of enchant weapon {unknown}
 h - 7 scrolls of remove curse {unknown}
 i - 2 scrolls of fog {unknown}
 k - a scroll of blinking {unknown}
 n - 3 scrolls of amnesia {unknown}
 o - a scroll of enchant armour {unknown}
 r - 2 scrolls of random uselessness {unknown}
 z - 2 scrolls of immolation {unknown}
 A - a scroll of vulnerability {unknown}
 C - a scroll of teleportation {unknown}
 D - a scroll of noise {unknown}
Potions
 f - a potion of invisibility
 m - a potion of brilliance
 q - a potion of lignification
 v - a potion of agility {unknown}
 x - a potion of ambrosia {unknown}
Comestibles
 d - 18 rations
 B - a chunk of flesh


   Skills:
 + Level 5.4 Fighting
 + Level 4.7 Short Blades
 + Level 4.7 Long Blades
 + Level 4.7 Axes
 + Level 4.7 Maces & Flails
 + Level 4.7 Polearms
 + Level 4.7 Staves
 + Level 4.7 Slings
 + Level 4.7 Bows
 + Level 4.7 Crossbows
 + Level 4.7 Throwing
 + Level 4.7 Armour
 + Level 6.7 Dodging
 + Level 4.7 Stealth
 + Level 4.7 Shields
 + Level 8.2 Unarmed Combat
 + Level 7.0 Spellcasting
 + Level 3.9 Conjurations
 + Level 3.9 Hexes
 + Level 3.9 Charms
 + Level 3.9 Summonings
 + Level 3.9 Necromancy
 + Level 3.9 Translocations
 + Level 5.5 Transmutations
 + Level 3.9 Fire Magic
 + Level 3.9 Ice Magic
 + Level 3.9 Air Magic
 + Level 3.9 Earth Magic
 + Level 3.9 Poison Magic
 + Level 5.2 Invocations
 + Level 4.7 Evocations


You had 15 spell levels left.
You knew the following spells:

 Your Spells              Type           Power        Failure   Level  Hunger
a - Ice Form              Ice/Tmut       ####....     13%         4    ###....
b - Spider Form           Tmut/Pois      ####......   4%          3    #......
c - Beastly Appendage     Tmut           ####..       1%          1    None

Your spell library contained the following spells:

 Spells                   Type           Power        Failure   Level  Hunger
 Sandblast                Erth           ###...       1%          1    None
 Summon Small Mammal      Summ           ###.         1%          1    None
 Passwall                 Tmut/Erth      ####....     1%          2    None
 Sticks to Snakes         Tmut           ####....     1%          2    None
 Call Imp                 Summ           ###.....     2%          2    None
 Call Canine Familiar     Summ           ###.....     5%          3    #......
 Stone Arrow              Conj/Erth      ###...       5%          3    #......
 Summon Guardian Golem    Hex/Summ       ###.....     5%          3    #......
 Petrify                  Tmut/Erth      ####....     13%         4    ###....
 Summon Ice Beast         Ice/Summ       ###.....     19%         4    ###....
 Summon Lightning Spire   Summ/Air       ###.....     19%         4    ###....
 Blade Hands              Tmut           ####......   26%         5    #####..
 Lee's Rapid Deconstruct  Erth           ###.......   45%         5    #####..


Dungeon Overview and Level Annotations

Branches:
Dungeon (9/15)             Temple (1/1) D:7            Lair (0/6) D:8
    Orc: D:9-12

Altars:
Ashenzari
Cheibriados
Dithmenos
Elyvilon
Fedhas
Gozag
Hepliaklqana
Kikubaaqudgha
Makhleb
Nemelex Xobeh
Okawaru
Qazlal
Ru
Sif Muna
Uskayaw
Vehumet
Wu Jian
Xom
Yredelemnul
The Shining One


Innate Abilities, Weirdness & Mutations

Your experience applies equally to all skills.
((You have very sharp teeth.))
Your uncanny sense of smell can sniff out nearby items.


Message History

The yak gores you!
* * * LOW HITPOINT WARNING * * *
You punch the yak! You freeze the yak.
You kill the yak!
Cheibriados thoroughly appreciates the change of pace.
Your Spellcasting skill increases to level 7!
You have reached level 10!
Evoke which item? (* to show all) (? for menu, Esc to quit)
Okay, then.
Okay, then.
As you read the scroll of identify, it crumbles to dust.
m - a potion of brilliance You punch the yak!
You freeze the yak.
The yak is moderately wounded.
The yak gores you!
* * * LOW HITPOINT WARNING * * *
You hit the yak. You freeze the yak.
The yak is moderately wounded.
The yak gores you!
You die...

·······▒ ▒·▒
▒▒·▒···▒▒▒▒▒·▒▒▒▒▒▒▒
▒·················▒
▒··················
▒·······▒▒▒·▒▒▒▒▒·▒
▒·▒···▒▒▒ ▒·▒▒▒▒▒
▒·▒···▒ ▒·····▒
▒·▒▒▒▒▒ ▒▒▒▒▒·▒ ··▒
▒Y▒ ▒▒ ▒Y▒ ▒·▒ ▒)·
▒·▒ ▒·▒ ∆ ▒·▒ ▒·▒


You could see a yak.

Vanquished Creatures
  A hippogriff (D:8)
  A wraith (D:9)
  3 yaks (D:9)
  A wyvern (D:8)
  A hungry ghost (D:7)
  Duvessa (D:6)
  An orc warrior (D:8)
  An ice beast (D:5)
  3 ogres
  A necrophage (D:8)
  A crocodile (D:8)
  2 bullfrogs
  Dowan (D:6)
  3 scorpions
  A water moccasin skeleton (D:9)
  6 killer bees (D:7)
  An electric eel (D:6)
  A crimson imp (D:7)
  A bullfrog zombie (D:8)
  4 orc priests
  2 hounds (D:9)
  A quasit (D:5)
  Crazy Yiuf (D:4)
  A bullfrog skeleton (D:7)
  3 iguanas
  5 worker ants
  4 orc wizards
  Robin (D:3)
  7 gnolls
  A worker ant zombie (D:9)
  6 adders
  3 shadow imps
  A white imp (D:4)
  2 oozes
  An adder zombie (D:5)
  2 dart slugs
  5 leopard geckos
  32 orcs
  A giant cockroach (D:3)
  13 goblins
  6 hobgoblins
  A quokka (D:4)
  8 bats
  4 frilled lizards
  A goblin skeleton (D:4)
  3 hobgoblin zombies (D:4)
  10 kobolds
  2 kobold skeletons (D:4)
  A kobold zombie (D:4)
  An orc skeleton (D:4)
  2 orc zombies (D:4)
  A quokka zombie (D:5)
  6 rats
  A fungus (D:4)
174 creatures vanquished.

Vanquished Creatures (others)
  A gnoll (D:6)
1 creature vanquished.

Grand Total: 175 creatures vanquished

Notes
Turn   | Place    | Note
-------+----------+-------------------------------------------
     0 | D:1      | Azzok the Gnoll Transmuter began the quest for the Orb.
     0 | D:1      | Reached XP level 1. HP: 17/17 MP: 6/6
   225 | D:1      | Reached XP level 2. HP: 12/23 MP: 7/7
   707 | D:2      | Reached XP level 3. HP: 18/28 MP: 9/9
   852 | D:1      | Learned a level 3 spell: Spider Form
   855 | D:2      | Reached skill level 5 in Spellcasting
  1221 | D:2      | Found a hide-covered altar of Uskayaw.
  1221 | D:2      | Noticed a +0 dagger
  1222 | D:2      | Noticed a +0 dagger
  1608 | D:2      | Reached skill level 1 in Invocations
  1763 | D:3      | Reached skill level 1 in Short Blades
  1763 | D:3      | Reached skill level 1 in Long Blades
  1763 | D:3      | Reached skill level 1 in Axes
  1763 | D:3      | Reached skill level 1 in Maces & Flails
  1763 | D:3      | Reached skill level 1 in Polearms
  1763 | D:3      | Reached skill level 1 in Staves
  1763 | D:3      | Reached skill level 1 in Slings
  1763 | D:3      | Reached skill level 1 in Bows
  1763 | D:3      | Reached skill level 1 in Crossbows
  1763 | D:3      | Reached skill level 1 in Throwing
  1763 | D:3      | Reached skill level 1 in Armour
  1763 | D:3      | Reached skill level 1 in Stealth
  1763 | D:3      | Reached skill level 1 in Shields
  1763 | D:3      | Reached skill level 1 in Evocations
  1790 | D:3      | Reached XP level 4. HP: 28/34 MP: 4/11
  1942 | D:3      | Noticed Robin
  1955 | D:3      | Killed Robin
  1986 | D:3      | Reached skill level 1 in Conjurations
  1986 | D:3      | Reached skill level 1 in Hexes
  1986 | D:3      | Reached skill level 1 in Charms
  1986 | D:3      | Reached skill level 1 in Summonings
  1986 | D:3      | Reached skill level 1 in Necromancy
  1986 | D:3      | Reached skill level 1 in Translocations
  1986 | D:3      | Reached skill level 1 in Fire Magic
  1986 | D:3      | Reached skill level 1 in Ice Magic
  1986 | D:3      | Reached skill level 1 in Air Magic
  1986 | D:3      | Reached skill level 1 in Earth Magic
  1986 | D:3      | Reached skill level 1 in Poison Magic
  2230 | D:3      | Found an ancient bone altar of Kikubaaqudgha.
  2330 | D:3      | Reached XP level 5. HP: 35/40 MP: 8/12
  2443 | D:3      | Found a shadowy altar of Dithmenos.
  2687 | D:3      | Learned a level 4 spell: Ice Form
  3022 | D:4      | Got an ichor-stained quarterstaff
  3030 | D:4      | Found a glowing golden altar of the Shining One.
  3216 | D:4      | Reached XP level 6. HP: 42/47 MP: 10/13
  3561 | D:4      | Reached skill level 5 in Dodging
  3615 | D:4      | Found a shimmering altar of Xom.
  3899 | D:4      | Found a runed translucent door.
  3900 | D:4      | Noticed Crazy Yiuf
  3908 | D:4      | Killed Crazy Yiuf
  3908 | D:4      | Reached XP level 7. HP: 52/52 MP: 8/15
  3991 | D:5      | Entered Level 5 of the Dungeon
  4130 | D:5      | Identified the +4 quarterstaff of Incongruity {freeze,
                  | Fragile rElec Str+6} (You found it on level 4 of the
                  | Dungeon)
  4166 | D:5      | Reached skill level 7 in Unarmed Combat
  4323 | D:5      | HP: 2/52 [something (1)]
  4657 | D:5      | Found a radiant altar of Vehumet.
  4748 | D:5      | Found a shattered altar of Ashenzari.
  5467 | D:6      | Noticed Dowan
  5467 | D:6      | Noticed Duvessa
  5511 | D:6      | Killed Duvessa
  5511 | D:6      | Reached XP level 8. HP: 60/60 MP: 13/16
  5524 | D:6      | Killed Dowan
  5695 | D:6      | Found a white marble altar of Elyvilon.
  5896 | D:6      | HP: 2/60 [gnoll/+0 spear (10)]
  5930 | D:6      | HP: 3/60 [orc/tomahawk (6)]
  6540 | D:6      | Found a sacrificial altar of Ru.
  6783 | D:6      | You fall through a shaft!
  6785 | D:7      | Found a staircase to the Ecumenical Temple.
  6830 | D:7      | HP: 4/90 [killer bee (1)]
  6867 | D:7      | HP: 3/61 [poisoned by a killer bee]
  7245 | D:7      | Reached XP level 9. HP: 60/66 MP: 16/18
  7360 | D:7      | Reached skill level 5 in Transmutations
  7478 | D:7      | Found a stormy altar of Qazlal.
  7847 | Temple   | Entered the Ecumenical Temple
  8691 | D:8      | Found a staircase to the Lair.
  8700 | D:8      | Reached skill level 5 in Fighting
  9092 | D:8      | Found a snail-covered altar of Cheibriados.
  9099 | D:8      | Became a worshipper of Cheibriados the Contemplative
  9276 | D:9      | Reached skill level 8 in Unarmed Combat
  9386 | D:9      | Reached skill level 5 in Invocations
  9476 | D:9      | Reached XP level 10. HP: 21/74 MP: 17/20
  9479 | D:9      | Slain by a yak

Levels and vault maps discovered:
D:1:      lightli_arrival_maybe_door_vault, layout_rooms, minmay_tromino_v4_c
D:2:      layout_basic, dancing_weapons_uskayaw
D:3:      layout_basic, grunt_dithmenos_smoke_and_mirrors,
          nicolae_overflow_crystal_walls, nrook_campfire, uniq_robin
D:4:      layout_gridville, nicolae_tso_besieged_by_evil, lemuel_crystal_altar,
          uniq_crazy_yiuf_cottage
D:5:      layout_basic, kennysheep_mini_moat, ashenzari_conservatory_becter,
          first_ration
D:6:      layout_rooms, lemuel_doored_altar, elyvilon_altar_5, zin_purify,
          trog_eyes_of_draining, chequers_serial_rivers_small_a,
          kennysheep_cluttered_room, item_on_display_a, uniq_duvessa
D:7:      layout_basic, nicolae_overflow_hidden_temple, minmay_temple_entry_mist
D:8:      layout_rooms, kennysheep_little_box, grunt_lair_entry_orc_guard_hut
D:9:      gammafunk_corrupted_shrine, layout_loops_ring, uniq_joseph
Temple:   nicolae_temple_figure_zero

Skill      XL: |  1  2  3  4  5  6  7  8  9 |
---------------+----------------------------+-----
Spellcasting   | 5 6 7 |  7.0
Invocations    | 1 2 3 4 5 |  5.2
Short Blades   | 1 2 3 4 |  4.7
Long Blades    | 1 2 3 4 |  4.7
Axes           | 1 2 3 4 |  4.7
Maces & Flails | 1 2 3 4 |  4.7
Polearms       | 1 2 3 4 |  4.7
Staves         | 1 2 3 4 |  4.7
Slings         | 1 2 3 4 |  4.7
Bows           | 1 2 3 4 |  4.7
Crossbows      | 1 2 3 4 |  4.7
Throwing       | 1 2 3 4 |  4.7
Armour         | 1 2 3 4 |  4.7
Stealth        | 1 2 3 4 |  4.7
Shields        | 1 2 3 4 |  4.7
Evocations     | 1 2 3 4 |  4.7
Conjurations   | 1 2 3 |  3.9
Hexes          | 1 2 3 |  3.9
Charms         | 1 2 3 |  3.9
Summonings     | 1 2 3 |  3.9
Necromancy     | 1 2 3 |  3.9
Translocations | 1 2 3 |  3.9
Fire Magic     | 1 2 3 |  3.9
Ice Magic      | 1 2 3 |  3.9
Air Magic      | 1 2 3 |  3.9
Earth Magic    | 1 2 3 |  3.9
Poison Magic   | 1 2 3 |  3.9
Fighting       | 3 4 5 |  5.4
Transmutations | 4 5 |  5.5
Dodging        | 5 6 |  6.7
Unarmed Combat | 7 8 |  8.2

Action                   |  1- 3 |  4- 6 |  7- 9 | 10-12 || total
-------------------------+-------+-------+-------+-------++-------
Melee: Unarmed           |    87 |   167 |   242 |     2 ||   498
       Bite              |     5 |    14 |     5 |       ||    24
       Punch             |     1 |     5 |       |       ||     6
       Quarterstaff      |       |       |    62 |       ||    62
 Cast: Beastly Appendage |     3 |       |       |       ||     3
       Spider Form       |     5 |    16 |    31 |       ||    52
       Ice Form          |       |       |     4 |       ||     4
  Use: Scroll            |       |       |     2 |     1 ||     3
       Potion            |       |       |     5 |       ||     5
 Stab: Sleeping          |     1 |       |     4 |       ||     5
       Invisible         |       |       |     3 |       ||     3
  Eat: Chunk             |     2 |     9 |    15 |       ||    26
       Ration            |       |       |     2 |       ||     2
Armor: Robe              |    14 |     6 |    11 |       ||    31
       Skin              |     1 |     3 |    45 |       ||    49
Dodge: Dodged            |    64 |   135 |   308 |       ||   507

Table legend:
 A = Non-vault XP
 B = Vault XP
 C = Vault XP percentage of total XP
 D = Non-vault monster count
 E = Vault monster count
 F = Vault count percentage of total count
                 A         B        C        D         E       F
            +---------+---------+-------+---------+---------+-------
      Total |    4131 |     709 |  14.6 |     142 |      31 |  17.9
            +---------+---------+-------+---------+---------+-------
        D:1 |      19 |       0 |   0.0 |      11 |       0 |   0.0
        D:2 |      54 |      13 |  19.4 |      16 |       7 |  30.4
        D:3 |      75 |      25 |  25.0 |      22 |       6 |  21.4
        D:4 |     391 |      60 |  13.3 |      18 |      12 |  40.0
        D:5 |     462 |       0 |   0.0 |      24 |       0 |   0.0
        D:6 |     340 |     227 |  40.0 |      16 |       2 |  11.1
        D:7 |     885 |       0 |   0.0 |      18 |       0 |   0.0
        D:8 |     809 |     384 |  32.2 |       8 |       4 |  33.3
        D:9 |    1096 |       0 |   0.0 |       9 |       0 |   0.0
            +---------+---------+-------+---------+---------+-------
